 Dungeon Crawl Stone Soup version 0.25-a0-496-g8c4878dea3 (webtiles) character file.

Game seed: 12372781087715976092, levelgen mode: deterministic

96878 Gargoyl the Cleaver (level 15, -1/126 HPs)
             Began as a Centaur Abyssal Knight on Feb 12, 2020.
             Was the Champion of Lugonu.
             Killed from afar by a merfolk aquamancer (20 damage)
             ... with a shard of ice
             ... on level 3 of the Lair of Beasts.
             The game lasted 00:51:46 (39771 turns).

Gargoyl the Cleaver (Centaur Abyssal Knight)       Turns: 39771, Time: 00:51:46

Health: -1/126     AC: 28    Str: 26    XL:     15   Next: 70%
Magic:  20/24      EV:  9    Int: 13    God:    Lugonu [******]
Gold:   1470       SH: 11    Dex: 14    Spells: 14/14 levels left

rFire    + + .     SeeInvis .   z - +5 broad axe (flame)
rCold    . . .     Gourm    .   U - +1 buckler
rNeg     + + +     Faith    .   V - +4 chain mail {rF+}
rPois    .         Spirit   .   (no helmet)
rElec    .         Reflect  +   Z - +2 cloak {MR+}
rCorr    .         Harm     .   E - +2 pair of gloves
MR       ++...                  b - +0 centaur barding {Stlth+}
Stlth    ..........             j - +5 amulet of reflection
HPRegen  0.31/turn              e - ring "Liack" {rN++ Str+4 Int+5}
MPRegen  0.19/turn              K - ring "Vaapn" {+Fly rF+ rN+ Str+2 Int-3}

@: lethally poisoned (-1 -> -11), very slow
A: large, hooves 3, agile 1, deformed body, speed 2, strong 1, tough skin 3
a: Depart the Abyss, Bend Space, Banish, Corrupt, Enter the Abyss, Brand Weapon
With Distortion, Renounce Religion, Evoke Flight


You were on level 3 of the Lair of Beasts.
You worshipped Lugonu.
Lugonu was exalted by your worship.
You were near starving.

You visited 4 branches of the dungeon, and saw 24 of its levels.
You visited the Abyss 2 times.
You also visited: Ossuary and Volcano.

You collected 3157 gold pieces.
You spent 1687 gold pieces at shops.

Inventory:

Hand Weapons
 a - a +3 hand axe of flaming
 z - a +5 broad axe of flaming (weapon)
 I - the +1 war axe of Ydisoev {drain, rN+ Str+3}
   (You bought it in a shop on level 11 of the Dungeon)

   A truly terrible weapon, it drains the life of those it strikes.
   It affects your strength (+3).
   It protects you from negative energy.
 Q - the +6 morningstar of Havoc {holy, rC+}
   (You found it on level 13 of the Dungeon)

   It has been blessed by the Shining One to cause great damage to the undead
   and demons.
   It protects you from cold.
Missiles
 A - 4 javelins (quivered)
 H - 19 boomerangs
Armour
 b - a +0 centaur barding of stealth (worn)
 E - a +2 pair of gloves (worn)
 U - a +1 buckler (worn)
 V - a +4 chain mail of fire resistance (worn)
 Z - a +2 cloak of magic resistance (worn)
Jewellery
 e - the ring "Liack" (left hand) {rN++ Str+4 Int+5}
   (You bought it in a shop on level 1 of the Orcish Mines)

   [ring of intelligence]

   It affects your strength (+4).
   It affects your intelligence (+5).
   It greatly protects you from negative energy.
 j - a +5 amulet of reflection (around neck)
 w - an uncursed ring of protection from cold
 B - an uncursed ring of see invisible
 G - an uncursed ring of protection from fire
 K - the ring "Vaapn" (right hand) {+Fly rF+ rN+ Str+2 Int-3}
   (You acquired it on level 2 of the Lair of Beasts)

   [ring of flight]

   It affects your strength (+2).
   It affects your intelligence (-3).
   It protects you from fire.
   It protects you from negative energy.
   It lets you fly.
Wands
 p - a wand of paralysis (15)
 t - a wand of flame (71)
 J - a wand of scattershot (9)
 T - a wand of clouds (4)
Scrolls
 h - 8 scrolls of teleportation
 k - 9 scrolls of identify
 l - 3 scrolls of remove curse
 s - 2 scrolls of fear
 D - a scroll of magic mapping
 F - 5 scrolls of fog
 L - a scroll of holy word
 M - 2 scrolls of blinking
 X - 2 scrolls of summoning
Potions
 d - 4 potions of flight
 f - a potion of mutation
 g - 2 potions of curing
 o - 2 potions of agility
 q - a potion of might
 u - a potion of magic
 v - a potion of heal wounds
 x - 2 potions of ambrosia
 O - a potion of resistance
Miscellaneous
 N - a lamp of fire
Comestibles
 c - 30 rations


   Skills:
 + Level 10.0 Fighting
 + Level 13.5 Axes
 + Level 2.4 Throwing
 * Level 11.6 Armour
 * Level 8.8 Dodging
 + Level 4.1 Shields
 * Level 12.3 Invocations
 + Level 1.7 Evocations


You had 14 spell levels left.
You didn't know any spells.
Your spell library contained the following spells:

 Spells                   Type           Power        Failure   Level  Hunger
 Animate Skeleton         Necr           N/A          80%         1    ##.....
 Apportation              Tloc           #.....       80%         1    ##.....
 Beastly Appendage        Tmut           #.....       80%         1    ##.....
 Corona                   Hex            #......      80%         1    ##.....
 Magic Dart               Conj           #...         80%         1    ##.....
 Pain                     Necr           #...         80%         1    ##.....
 Sting                    Tmut/Pois      #...         80%         1    ##.....
 Summon Butterflies       Summ           #.......     80%         1    ##.....
 Summon Small Mammal      Summ           #...         80%         1    ##.....
 Blink                    Tloc           N/A          90%         2    ###....
 Call Imp                 Summ           #.......     90%         2    ###....
 Poisonous Vapours        Pois/Air       #.....       90%         2    ###....
 Slow                     Hex            #.......     90%         2    ###....
 Sticks to Snakes         Tmut           #.......     90%         2    ###....
 Call Canine Familiar     Summ           #.......     99%         3    ####...
 Confusing Touch          Hex            #.......     99%         3    ####...
 Conjure Flame            Conj/Fire      #.......     99%         3    ####...
 Gell's Gravitas          Tloc           #.........   99%         3    ####...
 Ignite Poison            Fire/Tmut/Pois #.......     99%         3    ####...
 Lesser Beckoning         Tloc           #.........   99%         3    ####...
 Mephitic Cloud           Conj/Pois/Air  #.......     99%         3    ####...
 Spider Form              Tmut/Pois      #.........   99%         3    ####...
 Summon Guardian Golem    Hex/Summ       #.......     99%         3    ####...
 Tukima's Dance           Hex            #.......     99%         3    ####...
 Vampiric Draining        Necr           #.........   99%         3    ####...
 Animate Dead             Necr           N/A          100%        4    #####..
 Cause Fear               Hex            #.........   100%        4    #####..
 Ice Form                 Ice/Tmut       #.......     100%        4    #####..
 Leda's Liquefaction      Hex/Erth       #.........   100%        4    #####..
 Olgreb's Toxic Radiance  Pois           #.......     100%        4    #####..
 Petrify                  Tmut/Erth      #.......     100%        4    #####..
 Summon Ice Beast         Ice/Summ       #.......     100%        4    #####..
 Summon Lightning Spire   Summ/Air       #.......     100%        4    #####..
 Agony                    Necr           #.......     100%        5    ######.
 Alistair's Intoxication  Tmut/Pois      #.......     100%        5    ######.
 Blade Hands              Tmut           #.........   100%        5    ######.
 Bolt of Magma            Conj/Fire/Erth #.........   100%        5    ######.
 Irradiate                Conj/Tmut      #.........   100%        5    ######.
 Metabolic Englaciation   Hex/Ice        #.........   100%        5    ######.
 Silence                  Hex/Air        #.........   100%        5    ######.
 Yara's Violent Unravell  Hex/Tmut       #.........   100%        5    ######.
 Conjure Ball Lightning   Conj/Air       #.........   100%        6    #######
 Deflect Missiles         Chrm/Air       #.........   100%        6    #######
 Hydra Form               Tmut           #.........   100%        6    #######
 Invisibility             Hex            #.......     100%        6    #######
 Iron Shot                Conj/Erth      #.........   100%        6    #######
 Statue Form              Tmut/Erth      #........    100%        6    #######
 Dragon Form              Tmut           #.........   100%        7    #######
 Discord                  Hex            #.........   100%        8    #######
 Shatter                  Erth           #.........   100%        9    #######
 Tornado                  Air            #.........   100%        9    #######


Dungeon Overview and Level Annotations

Branches:
Dungeon (15/15)            Temple (0/1) D:5            Lair (6/6) D:11
 Shoals (1/4) Lair:3        Snake (0/4) Lair:4        Slime (0/5) Lair:5
    Orc (2/2) D:10            Elf (0/3) Orc:2        Vaults (0/5) D:14
 Depths (0/5) D:15        Ossuary (visited)         Volcano (visited)

Altars:
Ashenzari
Cheibriados
Elyvilon
Gozag
Kikubaaqudgha
Okawaru
Ru
Sif Muna
Uskayaw
Wu Jian
Xom
Yredelemnul
The Shining One
Beogh

Shops:
D:4 }(   D:11 (   D:13 *   D:15 :   Orc:1 =   Orc:2 =*((

Annotations:
Lair:3 corrupted


Innate Abilities, Weirdness & Mutations

You have hooves in place of feet.
Armour fits poorly on your strangely shaped body.
You cover ground very quickly.
You have extremely tough skin. (AC +3)
You are agile. (Dex +2)
Your muscles are strong. (Str +2)


Message History

You feel sick.
The merfolk aquamancer gestures at you while chanting.
The torrent of water hits you!!!
* * * LOW HITPOINT WARNING * * *
You are knocked back by the torrent of water.
The wave splashes down.
Splash!
You fall into the shallow water.
Moving in this stuff is going to be slow.
You feel much better.
You feel sick.
The merfolk aquamancer gestures at you while chanting.
The ball of steam hits you. You resist.
* * * LOW HITPOINT WARNING * * *
Press: ? - help, Shift-Dir - straight line, f - merfolk aquamancer
Aim: a merfolk aquamancer, wielding a +2 rapier of venom and wearing a +0 robe (almost dead, chance to defeat MR: 42%)
The merfolk aquamancer resists with some effort.
You feel somewhat more hungry.
You feel sick.
The merfolk aquamancer points at you and mumbles some strange words.
The shard of ice hits you!!
You die...

......####....####
........##...###.#####
...........#≈..#.....####
#..........#.≈.##.......##
...........##≈..#........#
............#≈≈.##.......#
............##m#.#.......###
...........#.#≈§≈#.......#P##
............##≈#@#..........##
............#≈≈≈##...........#
...........##≈..#...........P#
.#..#......#.≈.##............#
#..###....)#)..#.............###
##.# ###..#..###...............#
### ##.))..................##
##..#...###..........##
#..#..####....##....###


You could see a merfolk aquamancer.

Vanquished Creatures
  Jorgrun (D:15)
  A tentacled starspawn (Abyss:1)
  A fire giant (D:15)
  An orc warlord (Orc:1)
  Nessos (D:15)
  Azrael (Orc:2)
  Josephine (Orc:1)
  The ghost of TerraDOOM the Fighter, a journeyman MiFi of Makhleb (D:9)
  8 vault guards (D:14)
  11 hydras
  4 centaur warriors
  Erica (D:8)
  The ghost of Daduyd the Carver, a novice MiFi of Okawaru (D:9)
  7 death yaks
  4 two-headed ogres
  5 orc high priests (Orc:2)
  A tengu warrior (D:13)
  Urug (D:10)
  4 skeletal warriors
  A wizard (D:15)
  An unseen horror (D:12)
  3 orc knights (Orc:1)
  5 lindwurms
  2 cyclopes
  A deep elf mage (D:15)
  5 ugly things
  A manticore (D:11)
  Joseph (D:8)
  2 elephants (Lair:6)
  4 black mambas
  2 centaur zombies
  2 merfolk sirens (Lair:3)
  3 gargoyles
  A torpor snail (Lair:6)
  Maggie (D:8)
  9 spiny frogs
  A centaur skeleton (D:15)
  3 rime drakes (Lair:6)
  A freezing wraith (D:12)
  3 yaktaurs (D:15)
  5 komodo dragons
  2 merfolk (Lair:3)
  A tengu conjurer (D:12)
  2 hornets
  2 polar bears (Lair:4)
  Prince Ribbit (D:9)
  8 trolls
  13 blink frogs
  2 slime creatures
  6 hippogriffs
  13 dream sheep
  A water elemental (Lair:3)
  A vampire (D:15)
  6 wraiths
  2 shadows
  39 yaks
  4 wyverns
  5 fire elementals (Orc:1)
  3 basilisks
  2 hungry ghosts
  2 nagas (Lair:4)
  7 wargs
  2 acid dragons
  21 water moccasins
  A large abomination (Abyss:1)
  9 porcupines
  3 hell hounds
  19 orc warriors
  6 sky beasts
  3 black bears
  3 phantoms
  13 centaurs
  15 ogres
  3 ice beasts
  4 wolves
  A centaur (shapeshifter) (D:13)
  14 crocodiles
  17 bullfrogs
  2 big kobolds
  6 scorpions
  14 killer bees
  15 wights
  2 howler monkeys
  10 crimson imps
  A quasit (D:10)
  A bullfrog zombie (D:5)
  10 hounds
  7 jellies
  38 orc priests
  2 iguanas
  16 orc wizards
  6 worker ants
  A hell rat (Lair:6)
  A killer bee zombie (D:5)
  A hound zombie (D:7)
  A hound skeleton (D:4)
  A mummy (D:7)
  A worker ant zombie (D:8)
  15 adders
  3 gnolls
  3 shadow imps
  An adder skeleton (D:9)
  2 adder zombies (Ossuary)
  A worm (D:3)
  A dart slug (D:1)
  5 leopard geckos
  85 orcs
  4 giant cockroaches
  7 goblins
  5 hobgoblins
  13 jackals
  17 kobolds
  8 quokkas
  A ball python skeleton (Ossuary)
  7 bats
  6 frilled lizards
  A kobold zombie (Ossuary)
  An orc skeleton (Ossuary)
  An orc zombie (Ossuary)
  4 rats
  2 rat zombies (D:6)
  7 fungi
  5 plants
709 creatures vanquished.

Vanquished Creatures (collateral kills)
  A skeletal warrior (D:15)
1 creature vanquished.

Vanquished Creatures (others)
  A red draconian (Lair:2)
  A death yak (Lair:4)
  The ghost of Jobroal the Carver, a journeyman TeBe of Trog (D:8)
  An unseen horror (D:15)
  A lindwurm (Lair:2)
  3 oklob plants
  A queen bee (Lair:3)
  A crocodile (Lair:3)
  12 killer bees (Lair:3)
  6 fungi
  5 plants
  8 starspawn tentacles
  4 withered plants (D:9)
45 creatures vanquished.

Grand Total: 755 creatures vanquished

Notes
Turn   | Place    | Note
-------+----------+-------------------------------------------
     0 | Abyss:1  | Gargoyl the Centaur Abyssal Knight began the quest for the
                  | Orb.
     0 | Abyss:1  | Reached XP level 1. HP: 19/19 MP: 2/2
    27 | Abyss:1  | Noticed a hellion
    40 | Abyss:1  | Noticed a large abomination
    59 | Abyss:1  | Noticed an ancient zyme
    61 | Abyss:1  | Noticed a small abomination
    66 | Abyss:1  | Noticed a small abomination
    82 | Abyss:1  | Noticed a freezing wraith
    86 | Abyss:1  | Noticed a neqoxec
    89 | Abyss:1  | Noticed a smoke demon
    91 | Abyss:1  | Gained mutation: You occasionally shout uncontrollably at
                  | your foes. [a neqoxec]
   113 | D:1      | Escaped the Abyss
   537 | D:1      | Reached * piety under Lugonu
   780 | D:1      | Reached XP level 2. HP: 19/26 MP: 3/3
   984 | D:1      | Reached skill level 1 in Dodging
  1448 | D:2      | Reached XP level 3. HP: 29/31 MP: 4/4
  1566 | D:2      | Reached skill level 2 in Axes
  1618 | D:2      | Found a sacrificial altar of Ru.
  1878 | D:3      | Reached XP level 4. HP: 36/39 MP: 5/5
  1913 | D:3      | Reached ** piety under Lugonu
  1956 | D:3      | Found an ornate altar of the Wu Jian Council.
  2176 | D:3      | Found a hide-covered altar of Uskayaw.
  2452 | D:3      | Found an iron altar of Okawaru.
  2838 | D:4      | Reached XP level 5. HP: 37/46 MP: 7/7
  3068 | D:4      | Found Romemp's Antique Weapon Shoppe.
  3120 | D:4      | Found an iron altar of Okawaru.
  3332 | D:4      | Reached XP level 6. HP: 52/52 MP: 8/8
  3337 | D:4      | Reached skill level 3 in Axes
  3822 | D:4      | Found Ityu's General Store.
  4006 | D:4      | Found Seaqam's Gadget Shoppe.
  4065 | D:5      | Entered Level 5 of the Dungeon
  4718 | D:5      | Reached XP level 7. HP: 26/58 MP: 9/9
  4885 | D:5      | Found a staircase to the Ecumenical Temple.
  4933 | D:5      | Reached *** piety under Lugonu
  5923 | D:5      | Found a shimmering blue altar of Sif Muna.
  5949 | D:5      | Reached skill level 1 in Throwing
  6189 | D:5      | Found a white marble altar of Elyvilon.
  6199 | D:5      | Reached skill level 4 in Axes
  6539 | D:5      | Reached XP level 8. HP: 28/66 MP: 11/11
  6859 | D:6      | Found a sand-covered staircase.
  6863 | Ossuary  | Entered an ossuary
  6992 | Ossuary  | Noticed a flying skull
  7076 | Ossuary  | HP: 3/99 [wraith (2)]
  7454 | D:6      | Found a basalt altar of Yredelemnul.
  7478 | D:6      | Found a shimmering blue altar of Sif Muna.
  7488 | D:5      | Found a shimmering altar of Xom.
  7559 | D:6      | Found a glowing golden altar of the Shining One.
  7569 | D:6      | Noticed a hornet
  7576 | D:6      | Paralysed by a hornet for 3 turns
  7581 | D:6      | Killed a hornet
  7581 | D:6      | Reached skill level 5 in Armour
  7581 | D:6      | Reached skill level 5 in Invocations
  7948 | D:6      | Found an opulent altar of Gozag.
  8342 | D:6      | Found an ancient bone altar of Kikubaaqudgha.
  9624 | D:7      | Reached XP level 9. HP: 72/72 MP: 13/13
  9701 | D:7      | Reached skill level 5 in Axes
  9828 | D:7      | Found a snail-covered altar of Cheibriados.
 10251 | D:8      | Noticed Joseph
 10652 | D:8      | Killed Joseph
 10652 | D:8      | Reached skill level 5 in Fighting
 10652 | D:8      | Reached skill level 1 in Evocations
 10916 | D:8      | Noticed Maggie
 10950 | D:8      | Killed Maggie
 11360 | D:8      | Noticed Erica
 11371 | D:8      | Killed Erica
 11371 | D:8      | Reached skill level 6 in Axes
 11778 | D:9      | Reached XP level 10. HP: 79/82 MP: 14/14
 11830 | D:9      | Noticed Prince Ribbit
 11853 | D:9      | Killed Prince Ribbit
 12338 | D:9      | Found a runed translucent gate.
 12338 | D:9      | Found a runed translucent gate.
 12338 | D:9      | Found a runed translucent gate.
 12338 | D:9      | Noticed TerraDOOM's ghost (journeyman MiFi)
 12339 | D:9      | Noticed Jobroal's ghost (journeyman TeBe)
 12342 | D:9      | Noticed Daduyd's ghost (novice MiFi)
 12445 | D:9      | Noticed a two-headed ogre
 12458 | D:9      | Killed a two-headed ogre
 12763 | D:9      | Noticed a four-headed hydra
 13035 | D:9      | Killed a one-headed hydra
 13035 | D:9      | Reached skill level 7 in Axes
 13134 | D:9      | Found Ypatuu's Armour Emporium.
 13347 | D:9      | Found a shattered altar of Ashenzari.
 13574 | D:9      | Killed TerraDOOM's ghost
 13597 | D:8      | Banished Jobroal's ghost
 13812 | D:9      | Killed Daduyd's ghost
 13812 | D:9      | Reached XP level 11. HP: 89/89 MP: 16/16
 13909 | D:10     | Entered Level 10 of the Dungeon
 13955 | D:10     | Lost mutation: You occasionally shout uncontrollably at
                  | your foes. [potion of mutation]
 13955 | D:10     | Gained mutation: You are agile. (Dex +2) [potion of
                  | mutation]
 13955 | D:10     | Gained mutation: Your muscles are strong. (Str +2) [potion
                  | of mutation]
 13980 | D:10     | Reached skill level 5 in Dodging
 14245 | D:10     | Noticed a seven-headed hydra
 14250 | D:10     | Reached skill level 8 in Axes
 14257 | D:10     | Killed a one-headed hydra
 14369 | D:10     | Reached **** piety under Lugonu
 14600 | D:10     | Found a staircase to the Orcish Mines.
 14611 | D:10     | Found a roughly hewn altar of Beogh.
 14739 | D:10     | Noticed Urug
 14759 | D:10     | Killed Urug
 15415 | D:11     | Found a staircase to the Lair.
 15501 | D:11     | Noticed a red ugly thing
 15793 | D:11     | Killed a red ugly thing
 16737 | D:11     | Reached skill level 9 in Axes
 16790 | D:11     | Found Qourask's Antique Weapon Shop.
 16804 | D:11     | Bought a smoking war axe for 187 gold pieces
 16804 | D:11     | Identified the cursed +1 war axe of Ydisoev {drain, rN+
                  | Str+3} (You bought it in a shop on level 11 of the Dungeon)
 16815 | D:11     | Noticed a two-headed ogre
 16831 | D:11     | Killed a two-headed ogre
 16831 | D:11     | Reached ***** piety under Lugonu
 17662 | D:12     | Reached XP level 12. HP: 95/100 MP: 18/18
 18709 | D:13     | Found Guikh's Elemental Accessories.
 19122 | D:13     | Noticed a centaur warrior
 19129 | D:13     | Reached skill level 10 in Axes
 19139 | D:13     | Killed a centaur warrior
 19583 | D:13     | Got an ancient morningstar
 19584 | D:13     | Identified the +6 morningstar of Havoc {holy, rC+} (You
                  | found it on level 13 of the Dungeon)
 19803 | D:13     | Noticed a centaur warrior
 19813 | D:13     | Killed a centaur warrior
 20170 | Lair:1   | Entered Level 1 of the Lair of Beasts
 20227 | Lair:1   | Noticed a six-headed hydra
 20521 | Lair:1   | Killed a one-headed hydra
 21422 | Lair:2   | Identified a scroll of acquirement
 21422 | Lair:2   | Identified the ring "Vaapn" {+Fly rF+ rN+ Str+2 Int-3} (You
                  | acquired it on level 2 of the Lair of Beasts)
 21827 | Lair:2   | Found a dark tunnel.
 21832 | Volcano  | Entered a volcano
 21961 | Volcano  | Noticed a two-headed ogre
 21968 | Volcano  | Killed a two-headed ogre
 21968 | Volcano  | Reached XP level 13. HP: 73/107 MP: 20/20
 22090 | Volcano  | Noticed a red draconian
 22098 | Volcano  | HP: 3/107 [red draconian/searing blast (16)]
 22172 | Abyss:1  | Noticed a tentacled starspawn
 22181 | Abyss:1  | Killed a tentacled starspawn
 22181 | Abyss:1  | Reached skill level 1 in Shields
 22379 | Volcano  | Escaped the Abyss
 22388 | Lair:2   | Reached skill level 10 in Invocations
 22389 | Lair:2   | Banished a red draconian
 23087 | Lair:2   | Reached skill level 11 in Axes
 23290 | Lair:2   | Reached skill level 10 in Armour
 24830 | Lair:3   | Found a staircase to the Shoals.
 25094 | Lair:3   | Corrupted Lair:3
 25094 | Lair:3   | Noticed a bone dragon
 25094 | Lair:3   | Noticed a tentacled starspawn
 25094 | Lair:3   | Noticed a tentacled starspawn
 25094 | Lair:3   | Noticed a starcursed mass
 25094 | Lair:3   | Noticed a tentacled starspawn
 25096 | Lair:3   | Noticed a tentacled starspawn
 25100 | Lair:3   | Noticed a bone dragon
 25876 | Lair:4   | Found a staircase to the Snake Pit.
 27704 | Lair:5   | Found a staircase to the Slime Pits.
 27848 | Lair:5   | Reached XP level 14. HP: 83/116 MP: 22/22
 28481 | Lair:5   | Reached skill level 12 in Axes
 28914 | Lair:6   | Entered Level 6 of the Lair of Beasts
 31322 | Lair:6   | Got a crystal mace
 31323 | Lair:6   | Identified the cursed +1 mace "Amyimmad" {flame, rPois
                  | Str-2 SInv} (You found it on level 6 of the Lair of Beasts)
 32281 | D:14     | Found a gate to the Vaults.
 32950 | D:14     | Found a shattered altar of Ashenzari.
 33325 | D:14     | Reached XP level 15. HP: 37/125 MP: 23/23
 33969 | D:15     | Entered Level 15 of the Dungeon
 34397 | D:15     | Reached skill level 13 in Axes
 34668 | D:15     | Found Ymeik's Book Shop.
 34688 | D:15     | Noticed Jorgrun
 34714 | D:15     | Killed Jorgrun
 35060 | D:15     | Noticed a fire giant
 35061 | D:15     | Found a staircase to the Depths.
 35168 | D:15     | Killed a fire giant
 35321 | D:15     | Noticed Nessos
 35327 | D:15     | Killed Nessos
 35817 | Orc:1    | Entered Level 1 of the Orcish Mines
 35819 | Orc:1    | Found Filuinew's Jewellery Shop.
 35866 | Orc:1    | Noticed Josephine
 35987 | Orc:1    | Killed Josephine
 36316 | Orc:2    | Entered Level 2 of the Orcish Mines
 37398 | Orc:2    | Found a staircase to the Elven Halls.
 37454 | Orc:2    | Noticed Azrael
 37788 | Orc:2    | Killed Azrael
 37805 | Orc:2    | Noticed an orc warlord
 37806 | Orc:2    | Found Reaxat's Jewellery Emporium.
 37806 | Orc:2    | Found Zoaps's Assorted Antiques.
 38080 | Orc:2    | Reached ****** piety under Lugonu
 38119 | Orc:1    | Killed an orc warlord
 38403 | Orc:2    | Bought a shiny centaur barding for 494 gold pieces
 38492 | Orc:2    | Reached skill level 10 in Fighting
 39075 | Orc:2    | Found a roughly hewn altar of Beogh.
 39424 | Orc:2    | Found Xexzyn's Weapon Emporium.
 39424 | Orc:2    | Found Wiagae's Antique Weapon Shop.
 39627 | Orc:1    | Bought the ring "Liack" {rN++ Str+4 Int+5} for 1006 gold
                  | pieces
 39754 | Shoals:1 | Entered Level 1 of the Shoals
 39769 | Lair:3   | HP: 2/126 [merfolk aquamancer/torrent of water (40)]
 39771 | Lair:3   | Killed from afar by a merfolk aquamancer

Levels and vault maps discovered:
D:1:      kennysheep_arrival_seaside, layout_basic
D:2:      layout_rooms, nicolae_overflow_crystal_walls
D:3:      layout_loops_ring, old_standard_altar, eat_drink_and_be_merry_uskayaw,
          first_ration, kennysheep_okawaru_gauntlet
D:4:      layout_cave_pods, kennysheep_mini, serial_shops,
          kennysheep_little_box, nicolae_shop_waterfront, shop
D:5:      layout_rooms, nicolae_overflow_hidden_temple, elyvilon_altar_5,
          minmay_temple_entry_mini_moons, led_sif_book
D:6:      layout_loops_corners, kennysheep_mini_moat, tso_oasis_becter,
          lemuel_crystal_altar, lemuel_zombie_altar_kikubaaqudgha,
          lemuel_round_altar, nicolae_ossuary_entry_plus, amethyst_killhole
D:7:      layout_loops_ring, slow_altar_2, grunt_ogre_cave, roderic_lattice_a,
          moated_statue
D:8:      layout_cave_pools, uniq_maggie, uniq_erica, uniq_joseph
D:9:      layout_basic, lemuel_coloured_pillars_altar, serial_shops,
          nicolae_shop_competitors_out_of_business, gammafunk_ghost_cemetery,
          kennysheep_just_a_vault, uniq_prince_ribbit1
D:10:     layout_loops_ring, minmay_orc_entry_temple_small, lightli_orcish_oven,
          uniq_urug
D:11:     layout_roguey, lair_entry_dummy, serial_shops, nicolae_shop_trees
D:12:     minmay_opposing_rooms, layout_cave_pools
D:13:     layout_cave_pods, nicolae_elemental_shop
D:14:     layout_rooms, erik_vaults_2, ashenzari_altar_1
D:15:     grunt_enter_depths_giant_problem, layout_basic, minmay_misc_feat_tiny,
          serial_shops, shop_statue, uniq_nessos, uniq_jorgrun
Lair:1:   layout_roguey, serial_bayou_pond_b, minmay_lair_oklob_chamber,
          serial_bayou_shore_a
Lair:2:   layout_big_grid, enter_volcano_4, chequers_serial_rivers_small_b,
          chequers_serial_rivers_large_a, minmay_lindwurm_lava,
          lemuel_fruit_fields
Lair:3:   layout_cave_shapes, elwin_shoals_entry_stream, special_room
          [special_room_bee]
Lair:4:   layout_cave_pods, guppyfry_snake_entry_island,
          chequers_serial_rivers_micro_e, st_stairs_11, guppyfry_lair_drakes
Lair:5:   layout_regular_city, minmay_slime_entry_pillars
Lair:6:   hangedman_lair_in_review, layout_regular_city,
          chequers_serial_rivers_small_a, chequers_serial_rivers_large_b
Shoals:1: layout_shoals
Orc:1:    layout_caves, serial_shops, shop, uniq_josephine
Orc:2:    st_orc_town, layout_caves, uniq_azrael

Skill      XL: |  1  2  3  4  5  6  7  8  9 10 11 12 13 14 15 |
---------------+----------------------------------------------+-----
Dodging        | 1 2 3 4 5 6 7 8 |  8.8
Axes           | 2 3 4 6 7 9 10 11 12 13 | 13.5
Armour         | 2 3 4 5 6 7 8 9 10 11 | 11.6
Invocations    | 3 4 5 6 7 8 9 10 11 12 | 12.3
Fighting       | 4 5 6 7 8 9 10 | 10.0
Throwing       | 1 2 |  2.4
Evocations     | 1 |  1.7
Shields        | 2 3 4 |  4.1

Action                   |  1- 3 |  4- 6 |  7- 9 | 10-12 | 13-15 || total
-------------------------+-------+-------+-------+-------+-------++-------
Melee: Hand axe          |    72 |   125 |   318 |       |       ||   515
       Kick              |    14 |    24 |    86 |   241 |   445 ||   810
       Broad axe         |       |       |    14 |   362 |  1042 ||  1418
       War axe           |       |       |       |   285 |    66 ||   351
Throw: Javelin           |       |       |    24 |       |    11 ||    35
       Boomerang         |       |       |     2 |       |    12 ||    14
Invok: Depart the Abyss  |     1 |       |       |       |     1 ||     2
       Banish            |       |       |     3 |     4 |     6 ||    13
       Bend Space        |       |       |       |       |     3 ||     3
       Corrupt           |       |       |       |       |     1 ||     1
       Enter the Abyss   |       |       |       |       |     1 ||     1
Evoke: Wand              |       |     7 |     7 |    10 |       ||    24
  Use: Scroll            |     8 |     8 |    11 |    20 |    15 ||    62
       Potion            |       |     1 |     9 |     7 |    15 ||    32
 Stab: Paralysed         |       |       |       |     4 |       ||     4
       Distracted        |       |       |       |     1 |       ||     1
  Eat: Chunk             |     1 |     6 |     7 |    21 |    36 ||    71
       Ration            |       |     1 |     5 |     4 |     5 ||    15
Armor: Leather armour    |    31 |       |       |       |       ||    31
       Ring mail         |     5 |    65 |    93 |       |       ||   163
       Skin              |       |       |     5 |       |       ||     5
       Chain mail        |       |       |    25 |   461 |   642 ||  1128
Dodge: Dodged            |    36 |    69 |   140 |   282 |   408 ||   935
Block: Other             |       |    34 |    91 |   161 |       ||   286
       Reflection        |       |     1 |    10 |    10 |    15 ||    36
       Buckler           |       |       |       |    36 |   661 ||   697

Table legend:
 A = Non-vault XP
 B = Vault XP
 C = Vault XP percentage of total XP
 D = Non-vault monster count
 E = Vault monster count
 F = Vault count percentage of total count
                 A         B        C        D         E       F
            +---------+---------+-------+---------+---------+-------
      Total |   85934 |   52464 |  37.9 |     520 |     187 |  26.4
            +---------+---------+-------+---------+---------+-------
        D:1 |      30 |       0 |   0.0 |      17 |       0 |   0.0
        D:2 |      23 |       0 |   0.0 |      12 |       0 |   0.0
        D:3 |     103 |       3 |   2.8 |      17 |       2 |  10.5
        D:4 |     624 |       0 |   0.0 |      27 |       0 |   0.0
        D:5 |     665 |      80 |  10.7 |      20 |       2 |   9.1
        D:6 |     433 |       2 |   0.5 |      11 |       2 |  15.4
        D:7 |     986 |     140 |  12.4 |      14 |       2 |  12.5
        D:8 |     289 |    2263 |  88.7 |       6 |       4 |  40.0
        D:9 |    2016 |    3228 |  61.6 |      19 |       4 |  17.4
       D:10 |    2712 |    1458 |  35.0 |      22 |      16 |  42.1
       D:11 |    4788 |       3 |   0.1 |      33 |       1 |   2.9
       D:12 |    3864 |    1913 |  33.1 |      38 |      10 |  20.8
       D:13 |    6396 |       0 |   0.0 |      28 |       0 |   0.0
       D:14 |    7865 |    8010 |  50.5 |      31 |       8 |  20.5
       D:15 |    8524 |    6005 |  41.3 |      16 |       3 |  15.8
     Lair:1 |    4170 |     909 |  17.9 |      19 |       3 |  13.6
     Lair:2 |    4364 |    3879 |  47.1 |      22 |       6 |  21.4
     Lair:3 |    4341 |    2150 |  33.1 |      18 |      13 |  41.9
     Lair:4 |    9532 |    1072 |  10.1 |      26 |       7 |  21.2
     Lair:5 |    6845 |     378 |   5.2 |      30 |       4 |  11.8
     Lair:6 |    7365 |    9630 |  56.7 |      28 |      21 |  42.9
      Orc:1 |    5575 |    2759 |  33.1 |      31 |      12 |  27.9
      Orc:2 |    2015 |    7420 |  78.6 |      33 |      58 |  63.7
    Abyss:1 |    2409 |       0 |   0.0 |       2 |       0 |   0.0
    Ossuary |       0 |     280 | 100.0 |       0 |       8 | 100.0
    Volcano |       0 |     882 | 100.0 |       0 |       1 | 100.0
            +---------+---------+-------+---------+---------+-------
